 Dungeon Crawl Stone Soup version 0.30-a0-377-g5cb311bc9f (webtiles) character file.

Game seed: 289647335550048967

563 MackTheKnife the Cleaver (level 7, 0/57 HPs)
             Began as a Meteoran Berserker on Nov 29, 2022.
             Was a Believer of Trog.
             Splashed by a jelly's acid (10 damage)
             ... on level 4 of the Dungeon.
             The game lasted 00:03:47 (1628 turns).

MackTheKnife the Cleaver (Meteoran Berserker)       Turns: 1628, Time: 00:03:48

Health: 0/57       AC:  0    Str: 20    XL:     7   Next: 89%
Magic:  8/8        EV:  8    Int:  9    God:    Trog [**....]
Gold:   182        SH:  0    Dex: 14    Spells: 6/6 levels left

rFire   . . .      SeeInvis .    a - +0 hand axe {axe}
rCold   . . .      Faith    .    s - orb {light}
rNeg    . . .      Spirit   .    k - +0 chain mail
rPois   .          Reflect  .    (no helmet)
rElec   .          Harm     .    (no cloak)
rCorr   .          Rampage  .    (no gloves)
Will    .....                    (no boots)
Stlth   ..........               (no amulet)
HPRegen 0.29/turn                (no ring)
MPRegen 0.11/turn                (no ring)

@: corroded, on berserk cooldown, slowed, glowing, very slow
A: sense surroundings 1, otherworldly, glowing, explore regen
a: Renounce Religion, Berserk, Trog's Hand


You were on level 4 of the Dungeon.
You worshipped Trog.
Trog was pleased with you.
You visited 1 branch of the dungeon, and saw 4 of its levels.

You collected 182 gold pieces.


Innate Abilities, Weirdness & Mutations

You passively map a small area around you.
You are easily found by Zot.
You glow in the dark.
You regain HP and MP as you explore.


   Skills:
 - Level 3.2 Fighting
 + Level 9.8 Axes
 - Level 2.4 Armour
 - Level 2.4 Dodging


You had 6 spell levels left.
You didn't know any spells.
Your spell library was empty.

Inventory:

Hand Weapons
 a - a +0 hand axe (weapon) {axe}
 w - a +1 dagger of venom {short}
   (You took it off an orc wizard on level 4 of the Dungeon)
Armour
 b - a +0 animal skin
 f - a +0 leather armour
   (You took it off a goblin on level 1 of the Dungeon)
 g - a +0 ring mail
   (You found it on level 1 of the Dungeon)
 k - a +0 chain mail (worn)
   (You found it on level 2 of the Dungeon)
 m - a +0 leather armour
   (You took it off an orc on level 3 of the Dungeon)
 p - a +0 leather armour
   (You found it on level 3 of the Dungeon)
 s - an orb of light (worn)
   (You found it on level 3 of the Dungeon)
 v - a +0 plate armour
   (You took it off an orc warrior on level 4 of the Dungeon)
 x - a +0 robe
   (You took it off an orc wizard on level 4 of the Dungeon)
 y - a +0 leather armour
   (You took it off an orc on level 4 of the Dungeon)
 z - a +0 chain mail
   (You took it off an orc on level 4 of the Dungeon)
 A - a +0 robe
   (You took it off Sigmund on level 4 of the Dungeon)
Jewellery
 B - an amulet of magic regeneration {@e2}
   (You found it on level 4 of the Dungeon)
Wands
 j - a wand of mindburst (17)
   (You found it on level 2 of the Dungeon)
 q - a wand of polymorph (5)
   (You found it on level 3 of the Dungeon)
Scrolls
 d - a scroll of identify {unknown}
 e - a scroll of enchant weapon {unknown}
 i - 2 scrolls of enchant armour {unknown}
 l - 3 scrolls of teleportation {unknown}
 n - a scroll of vulnerability {unknown}
 r - a scroll of blinking {unknown}
Potions
 c - 2 potions of attraction {unknown}
 h - 3 potions of curing {@q1}
 o - 2 potions of degeneration {unknown}
 t - 2 potions of mutation {unknown}
 u - a potion of might {unknown}

Dungeon Overview and Level Annotations

Branches:
Dungeon (4/15) Zot: 738
 Temple: D:4-7

Altars:
Dithmenos
Hepliaklqana
Makhleb
Vehumet

* ,, #..... * , , .... , #
* , , .... ,.# #.#... # ,
..., .. #.....##. *,
..#,,.##*##........ *
##.##...#*.........#
#####.o.....# #......... ,
, .#...#.J###.# #.........
,
......o.@##.###..........
...<......#.#.........<#.
.......).................
.......##................
, *
.......####......#....##.
.............##......##..
,.#>###..###..........##..
* *## ## *####...........
, ###...####..#......##.


You could see a jelly and 2 orcs.


Message History

You now have 57 max hp (-28).
You see here an amulet of magic regeneration {@e2}. 😎 HP[+1]
Your hp is fully restored (57).
Unknown command.
B - an amulet of magic regeneration {@e2} An orc comes into view.
It is wielding a +0 hand axe.
A jelly comes into view.
You start putting on your amulet.
You continue putting on your amulet of magic regeneration {@e2}.
You feel the effects of Trog's Hand fading.
You continue putting on your amulet of magic regeneration {@e2}.
The orc barely misses you.
The orc hits you from afar with a +0 trident.
Keep equipping yourself? [Y]es or [N]o only, please.
Keep equipping yourself? [Y]es or [N]o only, please.
Keep equipping yourself? [Y]es or [N]o only, please.
Keep equipping yourself? [Y]es or [N]o only, please.
Keep equipping yourself? [Y]es or [N]o only, please.
Keep equipping yourself? [Y]es or [N]o only, please.
Keep equipping yourself? [Y]es or [N]o only, please.
Keep equipping yourself? [Y]es or [N]o only, please.
Keep equipping yourself?
You stop putting on your amulet.
The orc hits you but does no damage. 😕 HP[-4]
You take 4 damage, and now have 53/57 hp.
You barely miss the orc.
The orc hits you from afar with a +0 trident.
The orc hits you with a +0 hand axe. 😕 HP[-7]
You take 7 damage, and now have 46/57 hp.
You hit the orc but do no damage.
The orc hits you from afar with a +0 trident.
The orc hits you but does no damage. 😮 HP[-4]
You take 4 damage, and now have 42/57 hp.
You hit the orc but do no damage.
Your skin stops crawling.
You feel less strong-willed.
The orc hits you but does no damage. x2 😕 HP[+1]
You hit the orc. You hit the jelly but do no damage.
Your hands burn!
The orc barely misses you. The jelly hits you but does no damage.
The orc hits you but does no damage. x2; The orc hits you with a +0 hand axe.
The jelly hits you but does no damage. 😮 HP[-5]
You take 5 damage, and now have 38/57 hp.
The orc attacks as you move away! The orc closely misses you.
You hit the jelly.
Your hands burn!
The orc hits you but does no damage.
The jelly hits you but does no damage. 😮 HP[-1]
You take 1 damage, and now have 37/57 hp.
You hit the jelly.
Your hands burn!
The orc hits you from afar with a +0 trident.
The jelly closely misses you. 😮 HP[-3]
You take 3 damage, and now have 34/57 hp.
You hit the jelly.
Your hands burn!
The orc hits you from afar with a +0 trident.
* * * LOW HITPOINT WARNING * * *
The jelly hits you but does no damage. The orc barely misses you.
The jelly hits you but does no damage. 😨 HP[-6]
You take 6 damage, and now have 28/57 hp.
You hit the jelly but do no damage.
Your hands burn!
* * * LOW HITPOINT WARNING * * *
The jelly hits you but does no damage. The orc closely misses you. 😨 HP[-4]
You take 4 damage, and now have 24/57 hp.
You hit the jelly.
Your hands burn!
* * * LOW HITPOINT WARNING * * *
The orc hits you but does no damage.
The jelly hits you but does no damage. 😨 HP[-3]
You take 3 damage, and now have 21/57 hp.
You hit the jelly. The acid corrodes you!
Your hands burn!
* * * LOW HITPOINT WARNING * * *
The orc hits you from afar with a +0 trident.
* * * LOW HITPOINT WARNING * * *
The jelly hits you.
* * * LOW HITPOINT WARNING * * *
The acid corrodes you!
You are splashed with acid!
* * * LOW HITPOINT WARNING * * *
😱 HP[-16]
You take 16 damage, and now have 5/57 hp.
MASSIVE DAMAGE!! (PAUSE)
Okay, then.
It was a potion of curing.
You feel better.
The orc hits you from afar with a +0 trident.
* * * LOW HITPOINT WARNING * * *
The jelly hits you.
* * * LOW HITPOINT WARNING * * *
You are splashed with acid!
You die...

Skill      XL: |  1  2  3  4  5  6  7 |
---------------+----------------------+-----
Axes           | 4 5 6 7 8 9 |  9.8
Fighting       | |  3.2
Armour         | |  2.4
Dodging        | |  2.4

Action                   |  1- 3 |  4- 6 |  7- 9 || total
-------------------------+-------+-------+-------++-------
Melee: Hand axe          |    60 |   106 |    30 ||   196
       Punch             |     2 |       |       ||     2
Invok: Berserk           |     2 |     2 |     1 ||     5
       Trog's Hand       |       |       |     1 ||     1
  Use: Potion            |       |       |     1 ||     1
Armor: Animal skin       |    12 |       |       ||    12
       Ring mail         |     7 |     5 |       ||    12
       Chain mail        |       |    40 |    26 ||    66
Dodge: Dodged            |    32 |    36 |    10 ||    78

Levels and vault maps discovered:
D:1:      dpeg_arrival_another_circle, layout_loops_ring,
          ebering_ecumenical_altar_abandoned
D:2:      layout_loops_ring, hangedman_decor_growths
D:3:      layout_basic, fedhas_altar_4, nicolae_overflow_hidden_temple,
          fiery_altar_vehumet, gammafunk_ghost_grave, serial_curves,
          eino_curves_03, eino_curves_04, hangedman_decor_riveting,
          kennysheep_potato
D:4:      layout_cave_pools, riverfiend_overflow_shadow_ancestor,
          nicolae_sif_muna_condensation, guppyfry_early_orc_mine, uniq_sigmund

Notes
Turn   | Place    | Note
-------+----------+-------------------------------------------
     0 | D:1      | MackTheKnife the Meteoran Berserker began the quest for the
                  | Orb.
     0 | D:1      | Reached XP level 1. HP: 19/19 MP: 2/2
     0 | D:1      | magus.rc [v1.9.6]
   115 | D:1      | Reached skill level 4 in Axes
   115 | D:1      | Reached XP level 2. HP: 24/26 MP: 3/3
   144 | D:1      | Found a faded altar of an unknown god.
   241 | D:1      | Reached XP level 3. HP: 24/31 MP: 4/4
   437 | D:2      | Reached skill level 5 in Axes
   473 | D:2      | Reached XP level 4. HP: 38/38 MP: 5/5
   479 | D:2      | Reached ** piety under Trog
   681 | D:3      | Reached skill level 6 in Axes
   862 | D:3      | Reached XP level 5. HP: 45/45 MP: 6/6
  1149 | D:3      | Found a runed translucent door.
  1149 | D:3      | Noticed mopl's ghost (amateur DsFi)
  1173 | D:3      | Killed mopl's ghost
  1174 | D:3      | Reached skill level 7 in Axes
  1174 | D:3      | Reached XP level 6. HP: 25/51 MP: 7/7
  1224 | D:3      | Found a radiant altar of Vehumet.
  1286 | D:3      | Found a burning altar of Makhleb.
  1333 | D:4      | Reached skill level 8 in Axes
  1441 | D:4      | Noticed an orc warrior
  1456 | D:4      | Reached XP level 7. HP: 32/57 MP: 8/8
  1462 | D:4      | Reached skill level 9 in Axes
  1572 | D:4      | Noticed a shadow
  1573 | D:4      | Found a shadowy altar of Dithmenos.
  1575 | D:4      | Found a hazy altar of Hepliaklqana.
  1597 | D:4      | Noticed Sigmund
  1608 | D:4      | Killed Sigmund
  1627 | D:4      | HP: 13/57 [jelly (3)]
  1627 | D:4      | HP: 5/57 [acid (8)]
  1628 | D:4      | Splashed by a jelly's acid

Vanquished Creatures
  Sigmund (D:4)
  The ghost of mopl the Chopper, an amateur DsFi (D:3)
  An orc warrior (D:4)
  An orc priest (D:4)
  A hound (D:4)
  An iguana (D:2)
  An orc wizard (D:4)
  An adder (D:3)
  A dart slug (D:3)
  9 orcs
  7 endoplasms
  A giant cockroach (D:1)
  4 goblins (D:1)
  8 hobgoblins
  7 jackals
  2 quokkas
  3 ball pythons
  3 bats (D:1)
  A frilled lizard (D:2)
  5 kobolds
  3 rats
62 creatures vanquished.

Table legend:
 A = Non-vault XP
 B = Vault XP
 C = Vault XP percentage of total XP
 D = Non-vault monster count
 E = Vault monster count
 F = Vault count percentage of total count
                 A         B        C        D         E       F
            +---------+---------+-------+---------+---------+-------
      Total |     183 |     622 |  77.3 |      53 |       9 |  14.5
            +---------+---------+-------+---------+---------+-------
        D:1 |      30 |       0 |   0.0 |      18 |       0 |   0.0
        D:2 |      60 |       0 |   0.0 |      15 |       0 |   0.0
        D:3 |      49 |     184 |  79.0 |      16 |       1 |   5.9
        D:4 |      44 |     438 |  90.9 |       4 |       8 |  66.7
            +---------+---------+-------+---------+---------+-------

Illustrated notes

Table legend:
 A = Kills in this place as a percentage of kills in entire the game.
 B = Kills by you in this place as a percentage of kills by you in the entire game.
 C = Kills by friends in this place as a percentage of kills by friends in the entire game.
 D = Other kills in this place as a percentage of other kills in the entire game.
 E = Experience gained in this place as a percentage of experience gained in the entire game.
 F = Experience gained in this place divided by the number of levels of this place that you have seen.
                   A       B       C       D       E      F
               +-------+-------+-------+-------+-------+----------------------
         Total | 100.0 | 100.0 |   N/A |   N/A | 100.0 | 201.2
       Dungeon | 100.0 | 100.0 |   N/A |   N/A | 100.0 | 201.2
               +-------+-------+-------+-------+-------+----------------------

Table legend: (Time is in decaauts)
 A = Elapsed time spent in this place.
 B = Non-inter-level travel time spent in this place.
 C = Inter-level travel time spent in this place.
 D = Time resting spent in this place.
 E = Time spent auto-exploring this place.
 F = Levels seen in this place.
 G = Mean time per level.
                   A        B        C        D        E       F      G
               +--------+--------+--------+--------+--------+-----+--------+
         Total |   1660 |   1596 |     64 |     18 |    918 |   4 |  415.0 |
       Dungeon |   1660 |   1596 |     64 |     18 |    918 |   4 |  415.0 |
               +--------+--------+--------+--------+--------+-----+--------+

Top non-repeatable levels by time:
     D:3: 632 daAuts
     D:2: 347 daAuts
     D:4: 343 daAuts
     D:1: 337 daAuts
